 Dungeon Crawl Stone Soup version 0.28-b1-25-g9875b3fc8c (console) character file.

Game seed: 18435493113714464632

30 syban the Digger (level 3, 27/27 HPs)
             Began as a Palentonga Earth Elementalist on Jan 31, 2022.
             Was a Follower of Dithmenos.
             Quit the game on level 1 of the Dungeon.
             The game lasted 00:01:59 (2048 turns).

syban the Digger (Palentonga Earth Elementalist)    Turns: 2048, Time: 00:01:59

Health: 27/27      AC:  4    Str: 13    XL:     3   Next: 5%
Magic:  6/6        EV: 10    Int: 15    God:    Dithmenos [*.....]
Gold:   42         SH:  0    Dex: 10    Spells: 5/6 levels left

rFire   . . .      SeeInvis +   (no weapon)
rCold   . . .      Faith    .   (no shield)
rNeg    . . .      Spirit   .   b - +0 robe
rPois   .          Reflect  .   (no helmet)
rElec   .          Harm     .   (no cloak)
rCorr   .          Rampage  .   (no gloves)
Will    .....                   (no barding)
Stlth   ++........              (no amulet)
HPRegen 0.09/turn               (no ring)
MPRegen 0.10/turn               (no ring)

@: wreathed by umbra
A: large, rugged brown scales 3, see invisible, deformed body, roll 1, armoured
tail
a: Rolling Charge, Renounce Religion


You were on level 1 of the Dungeon.
You worshipped Dithmenos.
Dithmenos was aware of your devotion.
You visited 1 branch of the dungeon, and saw 1 of its levels.

You collected 42 gold pieces.

Inventory:

Missiles
 c - 57 stones
Armour
 b - a +0 robe (worn)
Scrolls
 f - a scroll of enchant armour
Potions
 a - a potion of heal wounds {unknown}
 g - a potion of brilliance {unknown}


   Skills:
 * Level 1.2 Fighting
 * Level 0.9 Armour
 * Level 2.3 Dodging
 - Level 1.2 Stealth
 - Level 2.0 Spellcasting
 - Level 1.0 Transmutations
 - Level 2.6 Earth Magic


You had 5 spell levels left.
You knew the following spells:

 Your Spells              Type           Power      Damage    Failure   Level
a - Sandblast             Erth           18%        2d7       8%          1

Your spell library contained the following spells:

 Spells                   Type           Power      Damage    Failure   Level
 Passwall                 Tmut/Erth      5%         N/A       16%         2
 Stone Arrow              Conj/Erth      10%        3d7       36%         3
 Petrify                  Tmut/Erth      7%         N/A       71%         4


Dungeon Overview and Level Annotations

Branches:
Dungeon (1/15)

Altars:
Dithmenos


Innate Abilities, Weirdness & Mutations

You are completely covered in rugged brown scales. (AC +3, +7% HP)
You have supernaturally acute eyesight. (SInv)
Armour fits poorly on your strangely shaped body.
You can roll at nearby foes to attack.
You have a long armoured tail.


Message History

No target in view!
No target in view!
No target in view!
No target in view!
You see here a hobgoblin corpse.
Found a stone staircase leading down.
g - a pink potion
There is a stone staircase leading down here.
There is an open door here.
You open the door.
There is an open door here.
Found a stone staircase leading down.
There is a stone staircase leading down here.
There is a stone staircase leading down here.
You see here a +0 chain mail.
You see here 24 arrows.
Done exploring.
Done exploring.
Done exploring.
Done exploring.
Search for what [? for help]? .
There is a faded altar of an unknown god here.
You aren't carrying any pieces of jewellery.
Unknown command.
Press < or > to pray at altars.
As you read the scroll labelled FONIMNASEF, it crumbles to dust.
You hear a loud clanging noise!
It was a scroll of noise.
As you read the scroll labelled MUTWYW JEITIDI, it crumbles to dust.
It is a scroll of identify.
f - a scroll of enchant armour Unknown command.
Press < or > to pray at altars.
You cannot tell which god this altar belongs to.
Convert to them anyway?
Okay, then.
You cannot tell which god this altar belongs to.
Convert to them anyway?
Dithmenos accepts your prayer! Dithmenos welcomes you!
You are shrouded in an aura of darkness!
Are you sure you want to abandon this character and quit the game? (Confirm with "yes".)

##+####.###...# ##.#.#
...###..# #...## #.#.#
........# ##...#
#######.#.# ...####.#
#...## #.........#
..## #.#
##....######.#####.###
### #†#
#.....##.....#####.###
#.#
##.....#......##.....#
#####.#
#.....##.###.##.###.#
#.....#
#....@#...†.....# #.#
#.#####
#.....##.###.##.###.#
#.# ##(...##.#
#.##.....# #.#
#...##..# #.########
#.# ##...##### #.# #.#
#...### #.# #.#
##.[.#.######.# #.#
#....#.#......# #.#
#......(......#


There were no monsters in sight!

Vanquished Creatures
  4 ball pythons (D:1)
  3 endoplasms (D:1)
  A giant cockroach (D:1)
  A goblin (D:1)
  2 hobgoblins (D:1)
  6 kobolds (D:1)
  3 quokkas (D:1)
  4 bats (D:1)
  2 frilled lizards (D:1)
  2 rats (D:1)
28 creatures vanquished.

Notes
Turn   | Place    | Note
-------+----------+-------------------------------------------
     0 | D:1      | syban the Palentonga Earth Elementalist began the quest for
                  | the Orb.
     0 | D:1      | Reached XP level 1. HP: 13/13 MP: 3/3
   423 | D:1      | Reached XP level 2. HP: 4/21 MP: 0/5
  1075 | D:1      | Reached skill level 1 in Fighting
  1310 | D:1      | Found a faded altar of an unknown god.
  1585 | D:1      | Reached XP level 3. HP: 22/27 MP: 6/6
  2047 | D:1      | Prayed at the altar of an unknown god.
  2047 | D:1      | Became a worshipper of Dithmenos the Shadowed
  2047 | D:1      | Reached * piety under Dithmenos
  2048 | D:1      | Quit the game

Illustrated notes

Levels and vault maps discovered:
D:1:      doesnt_arrival_eight_statues, layout_loops_ring,
          hellmonk_ecumenical_altar_zigzags, minmay_misc_feat_plants

Skill      XL: |  1  2 |
---------------+-------+-----
Dodging        | 2 |  2.3
Fighting       | 1 |  1.2
Armour         | |  0.9
Stealth        | |  1.2
Spellcasting   | |  2.0
Transmutations | |  1.0
Earth Magic    | |  2.6

Action                   || total
-------------------------++-------
Melee: Unarmed           ||   196
       Tailslap          ||    16
       Punch             ||     2
 Cast: Sandblast         ||     5
  Use: Scroll            ||     3
Armor: Robe              ||    92
Dodge: Dodged            ||   117
